 Dungeon Crawl Stone Soup version 0.27.1-33-g824d729ab1 (webtiles) character file.

Game seed: 3718993041868105403

1544 Jepp2078 the Cleaver (level 8, 0/117 HPs)
             Began as a Minotaur Berserker on Dec 27, 2021.
             Was a Priest of Trog.
             Succumbed to a gnoll shaman's poison
             ... on level 6 of the Dungeon.
             The game lasted 00:09:42 (5285 turns).

Jepp2078 the Cleaver (Minotaur Berserker)           Turns: 5285, Time: 00:09:43

Health: 0/117      AC: 13    Str: 23    XL:     8   Next: 56%
Magic:  7/7        EV:  8    Int:  4    God:    Trog [***...]
Gold:   270        SH:  0    Dex: 11    Spells: 7/7 levels left

rFire    . . .     SeeInvis .   e - +0 broad axe
rCold    . . .     Faith    .   (no shield)
rNeg     . . .     Spirit   .   j - +1 chain mail {rPois}
rPois    +         Reflect  .   (helmet restricted)
rElec    .         Harm     .   k - +1 cloak
rCorr    .         Rampage  .   (no gloves)
Will     ++...                  (no boots)
Stlth    ..........             (no amulet)
HPRegen  1.29/turn              b - ring of poison resistance
MPRegen  0.10/turn              (no ring)

@: berserking, lethally poisoned (0 -> -2), strong-willed, regenerating, very
quick
A: horns 2, retaliatory headbutt
a: Renounce Religion, Berserk, Trog's Hand


You were on level 6 of the Dungeon.
You worshipped Trog.
Trog was most pleased with you.
You visited 1 branch of the dungeon, and saw 6 of its levels.

You collected 270 gold pieces.

Inventory:

Hand Weapons
 a - a +0 hand axe
 e - a +0 broad axe (weapon)
 l - a +1 flail
Armour
 i - quicksilver dragon scales
 j - a +1 chain mail of poison resistance (worn)
 k - a +1 cloak (worn)
Jewellery
 b - a ring of poison resistance (left hand)
Wands
 n - a wand of charming (7)
Scrolls
 d - 2 scrolls of identify
 g - a scroll of fog
 h - a scroll of enchant weapon
 m - a scroll of enchant armour
Potions
 c - a potion of berserk rage
 f - 2 potions of lignification
 o - 3 potions of flight


   Skills:
 + Level 9.1 Fighting
 + Level 9.1 Axes
 + Level 5.7 Armour
 - Level 2.1 Dodging


You had 7 spell levels left.
You didn't know any spells.
Your spell library was empty.

Dungeon Overview and Level Annotations

Branches:
Dungeon (6/15)             Temple (0/1) D:6

Altars:
Cheibriados

Shops:
D:3 [((   D:5 [


Innate Abilities, Weirdness & Mutations

You have a pair of horns on your head.
You reflexively headbutt those who attack you in melee.


Message History

You hit the gnoll shaman but do no damage.
The gnoll shaman hits you with a +1 whip of venom.
You are poisoned.
The gnoll hits you from afar with a +1 vorpal halberd!
You slash the gnoll shaman!
The gnoll shaman is severely wounded.
You feel very sick. The gnoll shaman closely misses you.
The gnoll hits you from afar with a +1 vorpal halberd!
The gnoll shaman hits you with a +1 whip of venom!
You are more poisoned.
Your skin crawls.
You feel strong-willed.
You feel very sick.
The gnoll hits you from afar with a +1 vorpal halberd!
* * * LOW HITPOINT WARNING * * *
x2 The gnoll shaman misses you.
You furiously retaliate!
You headbutt the gnoll shaman.
A red film seems to cover your vision as you go berserk!
You feel yourself moving faster!
You feel mighty!
You feel very sick. The gnoll barely misses you.
The gnoll shaman barely misses you.
You slash the gnoll shaman!
You kill the gnoll shaman!
Trog accepts your kill.
You feel very sick.
The gnoll hits you from afar with a +1 vorpal halberd!
* * * LOW HITPOINT WARNING * * *
x2 You feel sick.
The gnoll hits you with a +1 vorpal halberd!
* * * LOW HITPOINT WARNING * * *
x2
Things that are here:
a +1 whip of venom; a +0 robe You closely miss the gnoll.
* * * LOW HITPOINT WARNING * * *
You feel sick. The gnoll hits you but does no damage.
You are too berserk!
You barely miss the gnoll. You headbutt the gnoll!
The gnoll is heavily wounded.
You die...

########## #
##........# .#
......###.#########.
##.##.###..........
##.##.............
#.......###### #g#
..........# #@#
#..######.# #)# ...#
#.# #)# ##.#
#.######.# ##.##
#........# #...#
#..####### #...#
#..# #...# #..#
###.# #..#


You could see a gnoll.

Vanquished Creatures
  2 water moccasins
  A sky beast (D:5)
  A necrophage (D:5)
  A water moccasin zombie (D:4)
  A water moccasin skeleton (D:4)
  A bullfrog zombie (D:5)
  5 centaur zombies
  An orc priest (D:6)
  A centaur skeleton (D:6)
  A gnoll shaman (D:6)
  A bullfrog skeleton (D:6)
  3 hounds (D:5)
  2 iguanas (D:6)
  4 orc wizards
  A killer bee zombie (D:5)
  8 gnolls
  5 adders
  2 adder skeletons (D:4)
  A worm (D:2)
  6 dart slugs
  12 orcs
  5 ball pythons
  8 endoplasms
  3 giant cockroaches
  4 hobgoblins
  3 jackals (D:1)
  2 quokkas (D:4)
  7 bats
  A frilled lizard (D:1)
  5 goblins
  3 kobolds
  A rat (D:1)
102 creatures vanquished.

Notes
Turn   | Place    | Note
-------+----------+-------------------------------------------
     0 | D:1      | Jepp2078 the Minotaur Berserker began the quest for the
                  | Orb.
     0 | D:1      | Reached XP level 1. HP: 19/19 MP: 0/0
   213 | D:1      | Reached XP level 2. HP: 26/27 MP: 1/1
   597 | D:1      | Found a faded altar of an unknown god.
   919 | D:2      | Reached XP level 3. HP: 32/34 MP: 2/2
  1469 | D:2      | Reached ** piety under Trog
  1760 | D:3      | Found Ewedgh's Weapon Boutique.
  1805 | D:3      | Found Nomin's Armour Emporium.
  1808 | D:3      | Noticed a water moccasin
  1812 | D:3      | Killed a water moccasin
  1813 | D:3      | Reached skill level 5 in Fighting
  1813 | D:3      | Reached skill level 5 in Axes
  1813 | D:3      | Reached XP level 4. HP: 32/42 MP: 3/3
  1813 | D:3      | Reached XP level 5. HP: 37/49 MP: 4/4
  2100 | D:3      | Found Iquwn's Antique Weapon Boutique.
  2529 | D:4      | Reached XP level 6. HP: 38/57 MP: 5/5
  3945 | D:5      | Entered Level 5 of the Dungeon
  4117 | D:5      | Reached XP level 7. HP: 62/66 MP: 6/6
  4296 | D:5      | Found a snail-covered altar of Cheibriados.
  4428 | D:5      | Found Joeruonk's Armour Boutique.
  4491 | D:5      | Reached *** piety under Trog
  4869 | D:6      | Reached XP level 8. HP: 68/75 MP: 7/7
  5035 | D:6      | Reached skill level 5 in Armour
  5079 | D:6      | Found a staircase to the Ecumenical Temple.
  5268 | D:6      | Identified the +1 ring mail "Jaumuo" {rN++ Int-3 Dex+4}
  5283 | D:6      | HP: 3/117 [gnoll (7)]
  5283 | D:6      | HP: 1/117 [gnoll (2)]
  5285 | D:6      | Succumbed to a gnoll shaman's poison

Illustrated notes

Levels and vault maps discovered:
D:1:      lightli_arrival_isolated_outpost, layout_loops_ring,
          chequers_ecumenical_altar_twisty
D:2:      layout_basic, lemuel_another_geyser
D:3:      layout_loops_ring, serial_shops, nicolae_diamond_shop,
          nicolae_lakefront_shop, shop_statue
D:4:      layout_layer_cave
D:5:      layout_basic, mainiacjoe_overflow_catwalk, serial_shops,
          nicolae_square_shop
D:6:      kennysheep_kobold_camp, layout_loops_ring, minmay_temple_entry_glass,
          uniq_crazy_yiuf_cottage

Skill      XL: |  1  2  3  4  5  6  7  8 |
---------------+-------------------------+-----
Fighting       | 4 5 6 7 8 9 |  9.1
Axes           | 4 5 6 7 8 9 |  9.1
Armour         | 4 5 |  5.7
Dodging        | |  2.1

Action                   |  1- 3 |  4- 6 |  7- 9 || total
-------------------------+-------+-------+-------++-------
Melee: Hand axe          |    66 |   114 |     8 ||   188
       Headbutt          |    12 |    12 |    21 ||    45
       Broad axe         |       |       |    92 ||    92
Invok: Berserk           |       |       |     1 ||     1
       Trog's Hand       |       |       |     1 ||     1
  Use: Scroll            |       |     9 |     4 ||    13
Armor: Animal skin       |     8 |       |       ||     8
       Ring mail         |     1 |    49 |    16 ||    66
       Chain mail        |       |       |    61 ||    61
Dodge: Dodged            |    43 |    60 |    50 ||   153
